 Dungeon Crawl Stone Soup version 0.22-a0-445-g8c8ef71 (webtiles) character file.

3469 Firecrotchwizard the Spear-Bearer (level 10, -2/81 (82) HPs)
             Began as a Merfolk Berserker on June 3, 2018.
             Was an Elder of Trog.
             Slain by a warg (6 damage)
             ... on level 8 of the Dungeon.
             The game lasted 00:14:12 (7421 turns).

Firecrotchwizard the Spear-Bearer (MfBe)            Turns: 7421, Time: 00:14:13

HP:   -2/81 (82)    AC:  9    Str: 18    XL:     10   Next: 6%
MP:   10/10         EV: 14    Int:  8    God:    Trog [****..]
Gold: 407           SH:  0    Dex: 15    Spells: 9/9 levels left

rFire    . . .     SeeInvis .   y - +0 halberd
rCold    . . .     Gourm    .   (shield currently unavailable)
rNeg     . . .     Faith    .   t - +0 scale mail
rPois    .         Spirit   .   (no helmet)
rElec    .         Reflect  .   B - +0 cloak
rCorr    .         Harm     .   (no gloves)
MR       +++..                  (no boots)
Stlth    ..........             (no amulet)
HPRegen  1.23/turn              p - +2 ring of protection
MPRegen  0.12/turn              x - ring of protection from magic {MR+, !d}

@: regenerating
A: change form in water, swift swim, stealthy swim
a: Berserk, Trog's Hand, Brothers in Arms, Renounce Religion


You were on level 8 of the Dungeon.
You worshipped Trog.
Trog was greatly pleased with you.
You were hungry.

You visited 1 branch of the dungeon, and saw 9 of its levels.

You collected 407 gold pieces.

Inventory:

Hand Weapons
 a - a +1 spear
 v - a cursed -2 war axe
   (You found it on level 5 of the Dungeon)
 y - a +0 halberd (weapon)
   (You took it off a gnoll on level 5 of the Dungeon)
Armour
 h - a +0 chain mail
   (You found it on level 1 of the Dungeon)
 t - a +0 scale mail (worn)
   (You found it on level 1 of the Dungeon)
 u - the +1 buckler of the Game Afoot {Regen+}
   (You found it on level 4 of the Dungeon)

   It increases your rate of regeneration.
 B - a +0 cloak (worn)
   (You found it on level 7 of the Dungeon)
Jewellery
 p - a +2 ring of protection (left hand)
   (You found it on level 3 of the Dungeon)
 r - an uncursed ring of poison resistance {rPois, !d}
   (You found it on level 3 of the Dungeon)
 x - a ring of protection from magic (right hand) {MR+, !d}
   (You found it on level 4 of the Dungeon)
Wands
 w - a wand of polymorph (11)
   (You found it on level 4 of the Dungeon)
Scrolls
 e - 6 scrolls of identify
 f - 3 scrolls of magic mapping {unknown}
 g - 2 scrolls of enchant weapon
 i - 3 scrolls of blinking {unknown}
 k - 3 scrolls of teleportation
 o - 3 scrolls of remove curse {unknown}
 A - a scroll of immolation {unknown}
 C - a scroll of amnesia {unknown}
 D - a scroll of fear {unknown}
Potions
 b - 4 potions of mutation {!q}
 d - 2 potions of cancellation {unknown}
 j - 3 potions of might
 l - 2 potions of ambrosia {unknown}
 m - a potion of haste {unknown}
 n - 3 potions of curing
 q - a potion of brilliance {unknown}
 s - a potion of degeneration {unknown}
 z - 3 potions of heal wounds {unknown}
Comestibles
 c - 10 rations {@e1}
 E - 2 chunks of flesh {@w0}


   Skills:
 + Level 8.4 Fighting
 * Level 14.1 Polearms
 - Level 1.3 Armour
 + Level 7.6 Dodging
 - Level 4.0 Shields


You had 9 spell levels left.
You didn't know any spells.
Your spell library was empty.

Dungeon Overview and Level Annotations

Branches:
Dungeon (9/15)             Temple (0/1) D:7            Lair (0/6) D:8
    Orc: D:9-12

Altars:

Shops:
D:5 =

Annotations:
D:3 1 runed door


Message History

Your Polearms skill increases to level 14!
Okay, then.
You see here a jackal corpse.
You butcher the jackal corpse.
E - 2 chunks of flesh {@w0} You see here a jackal skeleton.
An adder comes into view.
You completely miss the adder. The adder barely misses you.
The adder bites you but does no damage.
You hit the adder. The adder barely misses you.
You hit the adder but do no damage. The adder barely misses you.
Your scale mail prevents you from hitting the adder.
The adder bites you but does no damage.
You puncture the adder!
You kill the adder!
Trog accepts your kill.
There is a stone staircase leading up here.
You start resting.
Health restored: 80
Okay, then.
As you read the scroll labeled DEOLUA LATAKK, it crumbles to dust.
It is a scroll of identify.
b - 4 potions of mutation
As you read the scroll labeled USTRUCK WESUSI, it crumbles to dust.
You feel strangely unstable.
It was a scroll of teleportation.
You climb upwards.
The scorpion stings you.
The orc priest looks braver for a moment.
The orc closely misses you. The scorpion closely misses you.
There is a stone staircase leading down here.
You take 3 damage, and have 77/80 hp.
You closely miss the scorpion. The orc closely misses you.
The scorpion completely misses you.
You puncture the scorpion!
Your surroundings seem slightly different.
Your legs become a tail as you dive into the water.
Floosh!
Attack whom?
Aim: a scorpion (almost dead)
You reach to attack!
You puncture the scorpion!
You kill the scorpion!
Trog accepts your kill.
You completely miss the orc. The orc closely misses you.
You slash the orc!
You kill the orc!
Trog accepts your kill.
You barely miss the warg. The warg barely misses you.
You miss the warg. The warg bites you but does no damage.
You hit the warg.
The orc priest invokes the aid of Beogh against you.
Beogh smites you! The warg bites you.
You take 12 damage, and have 66/80 hp.
You hit the warg. The warg barely misses you.
The orc priest calls down the wrath of Beogh upon you.
Beogh smites you!
You take 11 damage, and have 55/80 hp.
You hit the warg but do no damage. The warg misses you.
You closely miss the warg. The warg bites you but does no damage.
Your skin crawls.
You feel resistant to hostile enchantments.
You feel somewhat more hungry.
The orc priest miscasts a cantrip.
The warg bites you!
You take 12 damage, and have 43/80 hp.
You fail to use your ability.
The warg misses you.
You regained 2 hp, and now have 45/80 hp.
Your ogre goes berserk!
You are feeling hungry.
Trog will no longer gift you weapons. The warg bites you!
The orc priest hits you. The warg closely misses you.
You take 14 damage, and have 31/80 hp.
You are too injured to fight recklessly!
You are too injured to fight recklessly!
You closely miss the orc priest. The orc priest hits you.
The orc priest calls down the wrath of Beogh upon you.
Beogh smites you!
* * * LOW HITPOINT WARNING * * *
The warg closely misses you.
Your ogre hits the orc priest with a giant spiked club!!
The orc priest dies!
Trog accepts your kill. The warg bites you but does no damage.
You take 9 damage, and have 22/81 hp.
The warg barely misses you. The warg bites you!
* * * LOW HITPOINT WARNING * * *
Your ogre barely misses the orc priest.
Things that are here:
a chain mail; an orc corpse You take 11 damage, and have 11/81 hp.
You impale the orc priest!!
You kill the orc priest!
Trog accepts your kill. The warg bites you.
* * * LOW HITPOINT WARNING * * *
The warg bites you.
* * * LOW HITPOINT WARNING * * *
You take 8 damage, and have 3/81 hp.
You puncture the orc priest! The warg bites you.
You die...

#.....# ##.##(.##########
####..#............#
##....##............#
####...................#
#####..h...........≈.......#
...o..##..........≈≈.......#
########....>..hO..≈.......#
............h@....≈≈....#
.≈≈≈.......#o....≈≈≈≈...#
..≈≈≈......#...≈≈≈≈≈....#
..≈.......##...≈≈≈≈.....#
..........##...≈≈.......#
+########.##............#
#.############### #.#


You could see 2 wargs, an orc priest and a friendly ogre (berserk).

Vanquished Creatures
  A two-headed ogre (D:8)
  The ghost of Anachronus the Bolt Thrower, an amateur MiHu (D:5)
  Grinder (D:6)
  A hornet (D:8)
  An orc warrior (D:6)
  A phantom (D:4)
  2 sky beasts
  A necrophage (D:6)
  A centaur (D:6)
  Blork the orc (D:6)
  2 bullfrogs (D:6)
  A gnoll sergeant (D:5)
  A water moccasin skeleton (D:5)
  2 scorpions (D:8)
  An electric eel (D:8)
  6 howler monkeys (D:7)
  3 crimson imps
  2 orc priests
  2 hounds (D:7)
  A jelly (D:6)
  5 orc wizards
  2 bullfrog skeletons (D:7)
  A centaur skeleton (D:8)
  8 worker ants
  A hound zombie (D:9)
  A hound skeleton (D:5)
  A worker ant zombie (D:5)
  7 gnolls
  A howler monkey skeleton (D:6)
  7 adders
  3 shadow imps
  3 worms
  5 dart slugs
  A leopard gecko (D:2)
  20 orcs
  2 ball pythons
  14 giant cockroaches
  5 goblins
  4 hobgoblins
  10 jackals
  10 kobolds
  2 quokkas (D:5)
  7 bats
  5 frilled lizards
  A quokka skeleton (D:8)
  5 rats
163 creatures vanquished.

Vanquished Creatures (collateral kills)
  An orc priest (D:8)
1 creature vanquished.

Grand Total: 164 creatures vanquished

Notes
Turn   | Place    | Note
-------+----------+-------------------------------------------
     0 | D:1      | Firecrotchwizard the Merfolk Berserker began the quest for the Orb.
     0 | D:1      | Reached XP level 1. HP: 18/18 MP: 1/1
    54 | D:1      | Reached skill level 3 in Dodging
    54 | D:1      | Reached XP level 2. HP: 22/24 MP: 2/2
   315 | D:1      | Reached skill level 5 in Polearms
   503 | D:1      | Reached XP level 3. HP: 28/29 MP: 3/3
   978 | D:2      | Reached ** piety under Trog
  1661 | D:2      | Reached XP level 4. HP: 30/37 MP: 4/4
  1922 | D:3      | Reached skill level 6 in Polearms
  1999 | D:3      | Reached skill level 4 in Fighting
  2417 | D:3      | Reached *** piety under Trog
  2720 | D:3      | Found a runed door.
  2832 | D:4      | Reached skill level 4 in Dodging
  2832 | D:4      | Reached XP level 5. HP: 18/42 MP: 5/5
  3358 | D:4      | Noticed a phantom
  3393 | D:4      | Killed a phantom
  3393 | D:4      | Reached skill level 7 in Polearms
  3393 | D:4      | Reached XP level 6. HP: 37/49 MP: 6/6
  3618 | D:4      | Got a smoking buckler
  3624 | D:4      | Identified the +1 buckler of the Game Afoot {Regen+} (You found it on level 4 of the Dungeon)
  3804 | D:4      | Reached skill level 8 in Polearms
  4105 | D:5      | Entered Level 5 of the Dungeon
  4118 | D:5      | Got a slimy falchion
  4213 | D:5      | Reached skill level 1 in Shields
  4392 | D:5      | Reached skill level 5 in Fighting
  4418 | D:5      | Noticed Anachronus's ghost (amateur MiHu)
  4477 | D:5      | Killed Anachronus's ghost
  4477 | D:5      | Reached skill level 9 in Polearms
  4477 | D:5      | Reached skill level 2 in Shields
  4477 | D:5      | Reached XP level 7. HP: 36/56 MP: 7/7
  4581 | D:5      | Found Qaluz's Jewellery Shop.
  4898 | D:5      | Reached XP level 8. HP: 42/64 MP: 8/8
  4964 | D:6      | Noticed Blork the orc
  4984 | D:6      | Reached skill level 10 in Polearms
  4992 | D:6      | Killed Blork the orc
  4992 | D:6      | Reached skill level 3 in Shields
  5034 | D:6      | Reached skill level 6 in Fighting
  5147 | D:6      | Reached **** piety under Trog
  5230 | D:6      | Noticed Grinder
  5247 | D:6      | Paralysed by Grinder for 4 turns
  5279 | D:6      | Killed Grinder
  5279 | D:6      | Reached skill level 11 in Polearms
  5279 | D:6      | Reached skill level 4 in Shields
  5620 | D:6      | Reached skill level 5 in Dodging
  5625 | D:6      | Reached XP level 9. HP: 65/71 MP: 9/9
  5827 | D:6      | Reached skill level 7 in Fighting
  5827 | D:6      | Reached skill level 12 in Polearms
  6147 | D:7      | Found a staircase to the Ecumenical Temple.
  6280 | D:7      | Reached skill level 6 in Dodging
  6646 | D:8      | Noticed a hornet
  6653 | D:8      | Killed a hornet
  6790 | D:8      | Reached ***** piety under Trog
  6790 | D:8      | Reached skill level 13 in Polearms
  6986 | D:8      | Noticed a two-headed ogre
  6995 | D:8      | Killed a two-headed ogre
  6995 | D:8      | Reached skill level 8 in Fighting
  6995 | D:8      | Reached skill level 7 in Dodging
  7096 | D:8      | Got an ichor-stained mace
  7136 | D:8      | Reached XP level 10. HP: 65/80 MP: 10/10
  7203 | D:8      | Found a staircase to the Lair.
  7242 | D:9      | Reached skill level 14 in Polearms
  7419 | D:8      | HP: 11/81 [warg (12)]
  7420 | D:8      | HP: 3/81 [warg (3)]
  7421 | D:8      | Slain by a warg

Vault maps used:
D:1:      onia_arrival_pyramid, minivault_4, minmay_pentomino_t4
D:2:      minmay_roachtagon
D:3:      first_ration, uniq_crazy_yiuf_cottage
D:5:      serial_shops, kennysheep_little_box, roderic_serpentine_path
D:6:      uniq_blork_the_orc, uniq_grinder
D:7:      minmay_temple_entry_steel_oval, minivault_24
D:8:      due_megacathedral, kennysheep_mini_moat, erik_lair_orcish_takeover
D:9:      serial_shops, shop

Skill      XL: |  1  2  3  4  5  6  7  8  9 10 |
---------------+-------------------------------+-----
Dodging        | 3 4 5 7 |  7.6
Polearms       | 5 6 7 9 11 13 14 | 14.1
Fighting       | 4 5 6 8 |  8.4
Shields        | 2 4 |  4.0
Armour         | |  1.3

Action                   |  1- 3 |  4- 6 |  7- 9 | 10-12 || total
-------------------------+-------+-------+-------+-------++-------
Melee: Spear             |   175 |   329 |   316 |       ||   820
       Halberd           |       |       |   114 |    43 ||   157
Invok: Berserk           |       |     1 |     5 |       ||     6
       Trog's Hand       |       |       |       |     1 ||     1
       Brothers in Arms  |       |       |       |     1 ||     1
Evoke: Wand              |       |       |     4 |       ||     4
  Use: Potion            |       |     3 |       |       ||     3
       Scroll            |       |       |     1 |     2 ||     3
  Eat: Chunk             |     2 |     9 |     9 |       ||    20
       Ration            |       |       |     2 |       ||     2
Armor: Scale mail        |     6 |    25 |    85 |    15 ||   131
       Animal skin       |     2 |       |       |       ||     2
       Chain mail        |    32 |    47 |       |       ||    79
       Skin              |       |       |    13 |       ||    13
Dodge: Dodged            |    65 |    94 |   128 |    35 ||   322
Block: Buckler           |       |    12 |    27 |       ||    39

Table legend:
 A = Spawn XP
 B = Non-spawn XP
 C = Spawn XP percentage of total XP
 D = Spawn monster count
 E = Non-spawn monster count
 F = Spawn count percentage of total count
 G = Total turns spent on level
                    A         B        C        D         E        F      G
               +---------+---------+-------+---------+---------+-------+---------
         Total |       0 |    4956 |   0.0 |       0 |     164 |   0.0 |  7421
               +---------+---------+-------+---------+---------+-------+---------
           D:1 |       0 |      43 |   0.0 |       0 |      23 |   0.0 |   923
           D:2 |       0 |      53 |   0.0 |       0 |      20 |   0.0 |  1000
           D:3 |       0 |      55 |   0.0 |       0 |      18 |   0.0 |   892
           D:4 |       0 |     343 |   0.0 |       0 |      16 |   0.0 |  1290
           D:5 |       0 |     718 |   0.0 |       0 |      20 |   0.0 |   809
           D:6 |       0 |    1317 |   0.0 |       0 |      29 |   0.0 |   942
           D:7 |       0 |     704 |   0.0 |       0 |      19 |   0.0 |   779
           D:8 |       0 |    1682 |   0.0 |       0 |      14 |   0.0 |   607
           D:9 |       0 |      41 |   0.0 |       0 |       5 |   0.0 |   179
               +---------+---------+-------+---------+---------+-------+---------

Vault maps used:
D:1:      onia_arrival_pyramid, minivault_4, minmay_pentomino_t4
D:2:      minmay_roachtagon
D:3:      first_ration, uniq_crazy_yiuf_cottage
D:5:      serial_shops, kennysheep_little_box, roderic_serpentine_path
D:6:      uniq_blork_the_orc, uniq_grinder
D:7:      minmay_temple_entry_steel_oval, minivault_24
D:8:      due_megacathedral, kennysheep_mini_moat, erik_lair_orcish_takeover
D:9:      serial_shops, shop

Table legend:
 A = Turns spent in this place as a percentage of turns spent in the entire game.
 B = Non-inter-level travel turns spent in this place as a percentage of non-inter-level travel turns spent in the entire game.
 C = Inter-level travel turns spent in this place as a percentage of turns spent in this place.
 D = Turns resting spent in this place as a percentage of non-inter-level travel turns spent in this place.
 E = Turns spent auto-exploring this place as a percentage of non-inter-level travel turns spent in this place.
 F = Non-inter-level travel turns spent in this place divided by the number of levels of this place that you've seen.
                   A       B       C       D       E      F
               +-------+-------+-------+-------+-------+----------------------
         Total | 100.0 | 100.0 |   4.0 |  21.1 |  56.5 | 791.8
       Dungeon | 100.0 | 100.0 |   4.0 |  21.1 |  56.5 | 791.8
               +-------+-------+-------+-------+-------+----------------------

Table legend:
 A = Kills in this place as a percentage of kills in entire the game.
 B = Kills by you in this place as a percentage of kills by you in the entire game.
 C = Kills by friends in this place as a percentage of kills by friends in the entire game.
 D = Other kills in this place as a percentage of other kills in the entire game.
 E = Experience gained in this place as a percentage of experience gained in the entire game.
 F = Experience gained in this place divided by the number of levels of this place that you have seen.
                   A       B       C       D       E      F
               +-------+-------+-------+-------+-------+----------------------
         Total | 100.0 | 100.0 | 100.0 |   N/A | 100.0 | 550.7
       Dungeon | 100.0 | 100.0 | 100.0 |   N/A | 100.0 | 550.7
               +-------+-------+-------+-------+-------+----------------------
